Map: Frozen Temple

Players

Major (SpeCial) - Winner!

  • Race: Terran Terran
  • League: Master
  • Spawn Location: 5:00

Darkness

  • Race: Protoss Protoss
  • Spawn Location: 11:00

Event: Copa América 2016 Grand Finals

VOD

Have the link to the VOD?

Description

Time

  • Played on: Oct. 13, 2016, 2:07 p.m.
  • Length: 4:18

All games in this series

Show
View Real Time Build Order
Export as new Build Order

Major Terran - Winner!

Build Orders: Cyclone Opening 

Get SALT Encoding   

  12  0:00  SCV  
  13  0:13  SCV  
  14  0:18  Supply Depot  
  14  0:25  SCV  
  15  0:30  Refinery  
  15  0:40  SCV  
  16  0:47  Barracks  
  16  0:52  SCV  
  17  1:04  SCV  
  18  1:16  SCV  
  18  1:17  Refinery  
  20  1:35  Reaper, Orbital Command  
  20  1:47  Factory  
  20  1:58  Supply Depot  
  20  2:01  SCV  
  20  2:08  Barracks Reactor  
  21  2:13  SCV  
  22  2:26  SCV  
  23  2:32  Factory Tech Lab  
  23  2:38  SCV  
  23  2:41  Starport  
  23  2:43  Supply Depot  
  24  2:45  Marine x2  
  24  2:50  SCV  
  27  2:52  Cyclone  
  27  2:55  Supply Depot  
  31  3:04  Marine x2  
  31  3:05  Liberator, SCV  
  34  3:17  Supply Depot, SCV  
  35  3:22  Marine x2  
  38  3:37  SCV  
  38  3:40  Marine  
  41  3:51  Marine  
  44  4:00  SCV  
Show
View Real Time Build Order
Export as new Build Order

Darkness Protoss 

Build Orders:  

Get SALT Encoding   

  12  0:00  Probe (Chrono Boost)  
  13  0:11  Probe (Chrono Boost)  
  14  0:18  Pylon  
  14  0:21  Probe (Chrono Boost)  
  15  0:36  Probe (Chrono Boost), Gateway  
  15  0:41  Assimilator  
  16  0:46  Probe (Chrono Boost)  
  17  0:57  Probe (Chrono Boost)  
  18  1:08  Probe (Chrono Boost)  
  19  1:18  Probe (Chrono Boost)  
  20  1:22  Assimilator  
  20  1:23  Cybernetics Core  
  20  1:24  Zealot (Chrono Boost)  
  22  1:29  Probe, Pylon  
  23  1:47  Probe (Chrono Boost)  
  24  2:00  Warp Gate (Chrono Boost)  
  24  2:01  Mothership Core (Chrono Boost)  
  26  2:11  Stalker  
  27  2:27  Nexus  
  27  2:32  Probe (Chrono Boost)  
  27  2:46  Probe  
  27  2:47  Robotics Facility  
  28  2:58  Probe  
  28  2:59  Pylon  
  30  3:14  Stalker  
  30  3:17  Probe  
  32  3:29  Probe  
  31  3:38  Warp Prism (Chrono Boost)  
  28  3:51  Gateway  
  28  3:52  Gateway  
  27  3:57  Stalker  
Tags
 
Add a new tag
Caveats
  • Supply blocks, unpowered buildings, or Contaminate may cause inaccurate times.
  • Supply counts are checked every 10 seconds.